 Dungeon Crawl Stone Soup version 0.14-a0-1663-g0b35444 (webtiles) character file.

77 4tharraofdagon the Firebug (level 3, -7/28 HPs)
             Began as a Naga Fire Elementalist on Dec 30, 2013.
             Mangled by a scorpion (10 damage)
             ... on Level 5 of the Dungeon.
             The game lasted 00:03:24 (523 turns).

4tharraofdagon the Firebug (Naga Fire Elementalist)  Turns: 523, Time: 00:03:24

HP  -7/28        AC  2     Str 10      XL: 3   Next: 97%
MP   0/6         EV 10     Int 16      God:
Gold 21          SH  0     Dex 11      Spells:  2 memorised,  3 levels left

rFire  . . .     SeeInvis +     j - +3,+1 elf cutlass (elec)
rCold  . . .     Clarity  .     a - +0 robe
rNeg   . . .     Conserve .     (no shield)
rPois  +         rCorr    .     (no helmet)
rElec  .         rRot     .     (no cloak)
SustAb . .       Spirit   .     (no gloves)
rMut   .         Warding  .     (no barding)
Saprov . . .     Stasis   .     (no amulet)
                                (no ring)
                                (no ring)

@: very slightly contaminated, very slow, slightly resistant to hostile
enchantments, fairly stealthy
A: spit poison, see invisible, deformed body, poison resistance, slowness 2, AC
+1
a: Spit Poison


You were on level 5 of the Dungeon.
You were not hungry.

You visited 1 branch of the dungeon, and saw 5 of its levels.

You collected 21 gold pieces.

Inventory:

Hand weapons
 j - a +3,+1 elven cutlass of electrocution (weapon)
Missiles
 e - 6 javelins (quivered)
Armour
 a - a +0 robe (worn)
Magical devices
 h - a wand of slowing (8)
Comestibles
 c - 3 bread rations
 f - an apple
Scrolls
 d - 4 scrolls of identify {unknown}
 g - a scroll of remove curse {unknown}
 i - a scroll of blinking {unknown}
 k - a scroll of enchant weapon I {unknown}
 l - a scroll of curse weapon {unknown}
Books
 b - a book of Flames

   Spells                             Type                      Level
   *Flame Tongue                      Conjuration/Fire             1
   Throw Flame                        Conjuration/Fire             2
   *Conjure Flame                     Conjuration/Fire             3
   Inner Flame                        Hexes/Fire                   3
   Sticky Flame                       Conjuration/Fire             4
   Fireball                           Conjuration/Fire             5


   Skills:
 - Level 1.5 Dodging
 - Level 3.0 Stealth
 + Level 2.5 Spellcasting
 * Level 2.3 Conjurations
 * Level 3.6 Fire Magic


You had 3 spell levels left.
You knew the following spells:

 Your Spells              Type           Power        Failure   Level  Hunger
a - Flame Tongue          Conj/Fire      ##...        8%          1    #......
b - Conjure Flame         Conj/Fire      ##......     17%         3    ###....


Dungeon Overview and Level Annotations

Branches:
Dungeon (5/16)
 Temple: D:4-7

Altars:


Innate Abilities, Weirdness & Mutations

You cannot wear boots.
You can spit poison.
Your serpentine skin is tough (AC +1).
You have supernaturally acute eyesight.
Armour fits poorly on your strangely shaped body.
Your system is resistant to poisons.
You cover ground very slowly.


Message History

The hippogriff skeleton bites you. The hippogriff skeleton pecks you.
The hippogriff skeleton claws you.
You aren't carrying any potions.
Found a stone staircase leading down.
The hippogriff skeleton bites you.
* * * LOW HITPOINT WARNING * * *
The hippogriff skeleton pecks you.
* * * LOW HITPOINT WARNING * * *
The hippogriff skeleton barely misses you.
Casting: Conjure Flame
Confirm with . or Enter, or press ? or * to list all spells.
Okay, then.
Casting: Conjure Flame
Confirm with . or Enter, or press ? or * to list all spells.
Aiming: Conjure Flame
Press: ? - help, Dir - move target cursor The fire roars!
Unknown command.
The scorpion stings you!
You die...

#########################
...........................
.......%.#########.........
#######..# #......... #..#
#......... #..# #.#######.
######..#########.#
...................#
###......Z@.......#
#......s........# .#
#...>...........# #.#
#.##+########...# #.# #.
#..)#######.# #...........#
#............ #....####....
#..%.# #....


You could see a scorpion and a hippogriff skeleton.

Vanquished Creatures
  A centaur skeleton (D:4)
  An adder (D:2)
  A giant mite (D:1)
  A giant gecko (D:1)
  An orc (D:4)
  A goblin (D:2)
  2 hobgoblins
  A bat (D:1)
  2 giant newts
  A kobold (D:5)
  A rat (D:4)
13 creatures vanquished.

Notes
Turn   | Place    | Note
--------------------------------------------------------------
     0 | D:1      | 4tharraofdagon, the Naga Fire Elementalist, began the quest for the Orb.
     0 | D:1      | Reached XP level 1. HP: 15/15 MP: 3/3
   152 | D:1      | Reached XP level 2. HP: 22/22 MP: 2/4
   293 | D:4      | Reached XP level 3. HP: 28/28 MP: 3/6
   298 | D:4      | Learned a level 3 spell: Conjure Flame
   479 | D:5      | Entered Level 5 of the Dungeon
   479 | D:5      | Noticed a centaur
   523 | D:5      | Mangled by a scorpion

Action                   || total
-------------------------++-------
Melee: Cutlass           ||     4
 Cast: Flame Tongue      ||    12
       Conjure Flame     ||     2
 Abil: Spit Poison       ||     6
Evoke: Wand              ||     1
  Use: Potion            ||     2
